 Dungeon Crawl Stone Soup version 0.31-a0-948-gf5be29c462 (webtiles) character file.

Game seed: 70716173565139221

506 BinkBink the Fighter (level 7, -3/62 HPs)
             Began as a Formicid Hunter on Oct 21, 2023.
             Was a Believer of the Shining One.
             Slain by a killer bee (6 damage)
             ... on level 4 of the Dungeon.
             The game lasted 00:09:51 (6512 turns).

BinkBink the Fighter (Formicid Hunter)              Turns: 6512, Time: 00:09:52

Health: -3/62      AC:  5    Str: 18    XL:     7   Next: 41%
Magic:  7/7        EV: 12    Int: 12    God:    the Shining One [**....]
Gold:   404        SH:  0    Dex: 23    Spells: 6/6 levels left

rFire   + . .        v - +2 falchion (holy)
rCold   + . .        (no shield)
rNeg    + + .        c - +0 leather armour
rPois   .            (helmet unavailable)
rElec   .            n - +1 cloak
rCorr   .            (no gloves)
SInv    +            (no boots)
Will    .....        h - amulet of faith
Stlth   +            j - ring of positive energy
HPRegen 0.30/turn    d - ring of Dishonour {*Slow rF+ rC+ Int+4 Dex+6}
MPRegen 0.10/turn

%: slow self (1%), faith
@: lethally poisoned (-3 -> -6), glowing
A: permanent stasis, dig shafts and tunnels, antennae 3, four strong arms
a: Dig, Shaft Self, Renounce Religion, Divine Shield


You were on level 4 of the Dungeon.
You worshipped the Shining One.
The Shining One was pleased with you.
You visited 1 branch of the dungeon, and saw 7 of its levels.
You also visited: Ossuary.

You collected 404 gold pieces.

Inventory:

Hand Weapons
 a - a +0 shortbow
 v - a +2 falchion of holy wrath (weapon)
Armour
 c - a +0 leather armour (worn)
 n - a +1 cloak (worn)
Jewellery
 d - the ring of Dishonour (right hand) {*Slow rF+ rC+ Int+4 Dex+6}
   (You acquired it on level 3 of the Dungeon)

   [ring of dexterity]

   Int+4:     It affects your intelligence (+4).
   Dex+6:     It affects your dexterity (+6).
   rF+:       It protects you from fire.
   rC+:       It protects you from cold.
   *Slow:     It may slow you when you take damage.
 e - a ring of ice
 h - an amulet of faith (around neck)
 j - a ring of positive energy (left hand)
 k - a ring of wizardry
Scrolls
 b - 2 scrolls of butterflies
 o - 6 scrolls of teleportation
 p - a scroll of revelation
 r - 3 scrolls of blinking
 s - a scroll of enchant armour
 x - a scroll of noise
Potions
 f - a potion of berserk rage
 i - 2 potions of enlightenment
 A - a potion of haste
 B - a potion of invisibility


   Skills:
 + Level 8.0 Fighting
 * Level 1.0 Long Blades
 - Level 4.0 Ranged Weapons
 + Level 0.5 Armour
 + Level 2.0 Dodging
 - Level 1.3 Stealth


You had 6 spell levels left.
You didn't know any spells.
Your spell library contained the following spells:

 Spells                   Type           Power      Damage    Failure   Level
 Foxfire                  Conj/Fire      0%         2x1d4     36%         1
 Sting                    Tmut/Pois      0%         1d3       36%         1
 Ensorcelled Hibernation  Hex/Ice        0%         N/A       52%         2
 Passwall                 Tmut/Erth      0%         N/A       52%         2
 Poisonous Vapours        Pois/Air       0%         N/A       52%         2
 Olgreb's Toxic Radiance  Pois           0%         N/A       98%         4
 Plasma Beam              Fire/Air       0%         2x1d10    100%        6
 Starburst                Conj/Fire      0%         6d3       100%        6
 Swiftness                Air            Unusable   N/A       N/A         3

Dungeon Overview and Level Annotations

Branches:
Dungeon (7/15)            Ossuary (visited)
 Temple: D:4-7

Altars:
Sif Muna
The Shining One

Shops:
D:1 *

Annotations:
D:4 Sigmund


Innate Abilities, Weirdness & Mutations

You cannot be hasted, slowed, berserked, paralysed or teleported.
You can dig through walls and to a lower floor.
You have a pair of large antennae on your head. (SInv)
Your four strong arms can wield two-handed weapons with a shield.


Message History

An adder is nearby!
You start resting.
An adder is nearby!
Your transformation is almost over.
The adder hisses angrily.
You barely miss the adder.
The adder bites you but does no damage. x2
You slash the adder!
The adder is severely wounded.
The adder bites you but does no damage.
You slash the adder!
You kill the adder!
Your Long Blades skill increases to level 1!
Your Dodging skill increases to level 2!
You start resting.
You feel less wooden.
Your +1 cloak unmelds from your body.
Your +0 leather armour unmelds from your body.
You start resting.
A killer bee is nearby!
The killer bee buzzes angrily.
You hear a shout!
You see here an adder corpse.
An orc comes into view. It is wielding a +0 club.
An orc wizard comes into view. It is wielding a +0 dagger.
You miss the killer bee.
The killer bee stings you but does no damage. x2
The killer bee stings you.
* * * LOW HITPOINT WARNING * * *
You slash the killer bee!
The killer bee is heavily wounded.
The killer bee stings you.
* * * LOW HITPOINT WARNING * * *
You are poisoned.
The killer bee poisons you! The killer bee barely misses you.
Okay, then.
You hit the killer bee.
The killer bee is severely wounded.
You feel sick. The killer bee barely misses you. The killer bee stings you.
* * * LOW HITPOINT WARNING * * *
The killer bee stings you.
You die...

#.#####..# #.#
#.....#..## #y#
#.......# #[#
#..<..# #<#
#...).# #######.#
#.#.#.####......y#
#..)...)...#######
.....'.#y#.######
.....###.#@#
.....#..oy.# ....
###.### .. #.# .
#.# .o# ..# ....
##o


You could see a killer bee and an orc.

Vanquished Creatures
  3 killer bees
  A jelly (D:3)
  An orc priest (D:3)
  Ijyb (D:4)
  9 mummies
  5 adders
  4 gnolls (D:3)
  4 worms
  6 orcs
  7 ball pythons
  9 endoplasms
  5 giant cockroaches
  2 goblins
  5 hobgoblins
  5 jackals (D:3)
  6 kobolds
  2 quokkas
  5 bats
  3 frilled lizards
  2 gnoll zombies (Ossuary)
  4 hobgoblin zombies (Ossuary)
  A kobold zombie (Ossuary)
  An orc zombie (Ossuary)
  3 rats
94 creatures vanquished.

Notes
Turn   | Place    | Note
-------+----------+-------------------------------------------
     0 | D:1      | BinkBink the Formicid Hunter began the quest for the Orb.
     0 | D:1      | Reached XP level 1. HP: 16/16 MP: 1/1
   102 | D:1      | Reached XP level 2. HP: 23/23 MP: 2/2
   124 | D:1      | Found Yxyuxax's General Store.
   137 | D:1      | Reached skill level 3 in Fighting
   220 | D:1      | Found a faded altar of an unknown god.
   794 | D:2      | Reached XP level 3. HP: 29/29 MP: 3/3
   986 | D:2      | Found a glowing golden altar of the Shining One.
  1017 | D:2      | Became a worshipper of the Shining One
  1353 | D:2      | Reached skill level 4 in Fighting
  1604 | D:3      | Reached XP level 4. HP: 25/38 MP: 4/4
  1722 | D:3      | Found a shimmering blue altar of Sif Muna.
  1774 | D:3      | Reached skill level 5 in Fighting
  1850 | D:3      | Reached XP level 5. HP: 44/44 MP: 5/5
  2012 | D:3      | Reached * piety under the Shining One
  2013 | D:3      | Reached skill level 6 in Fighting
  2295 | D:4      | You fall into a shaft and drop 3 floors!
  2425 | D:7      | Found a sand-covered staircase.
  2434 | D:7      | Reached XP level 6. HP: 44/53 MP: 6/6
  2465 | Ossuary  | Entered an ossuary
  3734 | Ossuary  | Reached ** piety under the Shining One
  4713 | Ossuary  | Reached skill level 7 in Fighting
  5237 | D:5      | Entered Level 5 of the Dungeon
  5612 | D:4      | Noticed Sigmund
  5677 | D:4      | Noticed Ijyb
  5691 | D:4      | Killed Ijyb
  5703 | D:4      | Reached XP level 7. HP: 13/61 MP: 7/7
  5975 | D:3      | Reached skill level 8 in Fighting
  6213 | D:3      | Identified a scroll of acquirement
  6213 | D:3      | Acquired the ring of Dishonour {*Slow rF+ rC+ Int+4 Dex+6}
  6481 | D:4      | HP: 3/62 [killer bee (4)]
  6501 | D:4      | Reached skill level 1 in Long Blades
  6512 | D:4      | HP: 3/62 [killer bee (6)]
  6512 | D:4      | Slain by a killer bee

Illustrated notes

Levels and vault maps discovered:
D:1:      beargit_arrival_diablo_church, layout_basic, serial_shops, shop_coins,
          dreamdust_ecumenical_altar_statues
D:2:      minmay_door_path, layout_basic, basic_altar
D:3:      layout_rooms, lemuel_coloured_pillars_altar
D:4:      nicolae_cairo_tiling_very_big, layout_loops_corners,
          nicolae_goblin_pals, uniq_sigmund
D:5:      layout_cave_pods, kiku_gazebo_pond_becter, xom_confusion_cloud,
          minmay_starry_boxes
D:6:      layout_loops_corners, chequers_serial_rivers_micro_a, st_stairs_12,
          abandoned_shop, dilly_guarded_unrand_devastator
D:7:      layout_cave_pools, minmay_overflow_temple_hex,
          gup_ossuary_entry_pyramid, gammafunk_ghost_stat_death, uniq_duvessa

Skill      XL: |  1  2  3  4  5  6  7 |
---------------+----------------------+-----
Fighting       | 3 4 5 6 7 8 |  8.0
Long Blades    | 1 |  1.0
Dodging        | 2 |  2.0
Ranged Weapons | |  4.0
Armour         | |  0.5
Stealth        | |  1.3

Action                     |  1- 3 |  4- 6 |  7- 9 || total
---------------------------+-------+-------+-------++-------
  Melee: Falchion          |       |       |    21 ||    21
   Fire: Shortbow          |    94 |   240 |     4 ||   338
Ability: Dig               |       |     5 |       ||     5
         Shaft Self        |       |     1 |       ||     1
    Use: Potion            |       |     2 |     4 ||     6
         Scroll            |       |       |    15 ||    15
 Armour: Leather armour    |    17 |    65 |    35 ||   117
         Skin              |       |       |    19 ||    19
  Dodge: Dodged            |    16 |    65 |    25 ||   106

Table legend: (Time is in decaauts)
 A = Elapsed time spent in this place.
 B = Non-inter-level travel time spent in this place.
 C = Inter-level travel time spent in this place.
 D = Time resting spent in this place.
 E = Time spent auto-exploring this place.
 F = Levels seen in this place.
 G = Mean time per level.
                   A        B        C        D        E       F      G
               +--------+--------+--------+--------+--------+-----+--------+
         Total |   6597 |   6345 |    252 |   3278 |   2206 |   8 |  824.6 |
       Dungeon |   3827 |   3575 |    252 |    834 |   2090 |   7 |  546.7 |
       Ossuary |   2770 |   2770 |      0 |   2444 |    116 |   1 | 2770.0 |
               +--------+--------+--------+--------+--------+-----+--------+

Top non-repeatable levels by time:
 Ossuary: 2770 daAuts
     D:3: 1351 daAuts
     D:2: 935 daAuts
     D:1: 748 daAuts
     D:4: 448 daAuts
     D:7: 186 daAuts
     D:5: 151 daAuts
     D:6: 6 daAuts
